 Dungeon Crawl Stone Soup version 0.30.0-30-g96aa6591b8 (webtiles) character file.

Game seed: 1363915052944374463

78 DemonSlayer the Digger (level 4, -3/30 HPs)
             Began as a Demonspawn Earth Elementalist on June 28, 2023.
             Killed from afar by Sigmund (5 damage)
             ... with a puff of flame
             ... on level 2 of the Dungeon.
             The game lasted 00:03:55 (2082 turns).

DemonSlayer the Digger (DsEE)                       Turns: 2082, Time: 00:03:56

Health: -3/30      AC:  2    Str: 11    XL:     4   Next: 15%
Magic:  8/8        EV: 12    Int: 16    God:
Gold:   92         SH:  0    Dex: 13    Spells: 5/8 levels left

rFire   . . .        g - +3 dagger (drain)
rCold   . . .        (no shield)
rNeg    . . .        a - +0 robe
rPois   .            (no helmet)
rElec   .            (no cloak)
rCorr   .            (no gloves)
SInv    .            (no boots)
Will    .....        (no amulet)
Stlth   ++           (no ring)
HPRegen 0.25/turn    (no ring)
MPRegen 0.11/turn

%: no passive effects
@: mighty
A: powered by pain 1
a: no special abilities


You were on level 2 of the Dungeon.
You visited 1 branch of the dungeon, and saw 2 of its levels.

You collected 92 gold pieces.

Inventory:

Hand Weapons
 d - a +1 vampiric dagger
 g - a +3 dagger of draining (weapon)
Armour
 a - a +0 robe (worn)
Scrolls
 e - a scroll of identify {unknown}
 h - a scroll of enchant armour {unknown}
 i - a scroll of immolation
Potions
 b - a potion of magic
 c - a potion of curing {unknown}
 f - a potion of heal wounds {unknown}
 k - a potion of invisibility {unknown}


   Skills:
 + Level 0.2 Fighting
 + Level 0.6 Short Blades
 + Level 2.1 Dodging
 + Level 1.9 Stealth
 + Level 2.8 Spellcasting
 + Level 0.8 Transmutations
 + Level 3.6 Earth Magic


You had 5 spell levels left.
You knew the following spells:

 Your Spells              Type           Power      Damage    Failure   Level
a - Sandblast             Erth           26%        2d8       4%          1
b - Passwall              Tmut/Erth      7%         N/A       12%         2

Your spell library contained the following spells:

 Spells                   Type           Power      Damage    Failure   Level
 Stone Arrow              Conj/Erth      16%        3d8       26%         3
 Petrify                  Tmut/Erth      9%         N/A       58%         4


Dungeon Overview and Level Annotations

Branches:
Dungeon (2/15)

Altars:

Annotations:
D:2 Sigmund


Innate Abilities, Weirdness & Mutations

You sometimes gain a little power by taking damage.


Message History

Sigmund gestures at you while chanting.
You are confused.
You bump into the rock wall.
Sigmund points at you and mumbles some strange words.
You resist with some effort.
You feel less confused. Sigmund casts a spell at you.
You are confused.
Sigmund casts a spell at you. The puff of flame misses you.
You bump into the rock wall.
Sigmund hits you from afar with a +0 scythe.
You feel less confused.
Sigmund points at you and mumbles some strange words.
The puff of flame hits you!
You focus on the pain.
You feel very mighty all of a sudden.
Sigmund is nearby!
Sigmund gestures at you while chanting.
You are confused.
You bump into the rock wall.
Sigmund gestures at you while chanting. The magic dart hits you!
You bump into the rock wall.
Sigmund points at you and mumbles some strange words.
You resist with some effort.
You bump into the rock wall.
Sigmund completely misses you.
You feel less confused.
Sigmund hits you from afar with a +0 scythe!
* * * LOW HITPOINT WARNING * * *
Sigmund gestures at you while chanting. The puff of flame misses you.
As you read the scroll labelled LOATOWNYDOX, it crumbles to dust.
The scroll dissolves into smoke.
It was a scroll of fog.
You open the door.
Sigmund hits you from afar with a +0 scythe!
* * * LOW HITPOINT WARNING * * *
There is an open door here.
Sigmund points at you and mumbles some strange words.
The puff of flame hits you.
You die...

#......#...# #§#
.......#...#
#......#...# #§#
#.........#
#......##.## #§#
#..#####..#
#......##.# #§#
#..#
#......##.######@##
#..#
.......#..........#
#..###
......##..........#
#.....
......##..........#
..#####.###.
......##...#####@##
........# #.
......##...# #.#
..#.......+.
....†.##...## #.#
#.#######.
......##....# #.#
#..# #.
....#.##....## #.#
#..#.# #.
....#.#####..# #.#
#..#.# #. ....# #
##.###.# #..#.# ##
....# #.....#
#..#.# # ######..#
#..#.# ######


You could see Sigmund.

Vanquished Creatures
  Terence (D:2)
  3 worms (D:2)
  3 bats
  6 endoplasms
  2 giant cockroaches
  A hobgoblin (D:1)
  7 jackals
  A kobold (D:1)
  2 ball pythons (D:1)
  4 frilled lizards
  5 goblins (D:1)
  9 rats
44 creatures vanquished.

Notes
Turn   | Place    | Note
-------+----------+-------------------------------------------
     0 | D:1      | DemonSlayer the Demonspawn Earth Elementalist began the
                  | quest for the Orb.
     0 | D:1      | Reached XP level 1. HP: 13/13 MP: 3/3
   314 | D:1      | Reached skill level 3 in Earth Magic
   314 | D:1      | Gained mutation: You sometimes gain a little power by
                  | taking damage. [demonic ancestry]
   314 | D:1      | Reached XP level 2. HP: 7/19 MP: 1/5
   911 | D:1      | Learned a level 2 spell: Passwall
   926 | D:2      | Reached XP level 3. HP: 24/24 MP: 3/6
  1035 | D:2      | Identified the +2 spear of Diet Blood {heavy, rC+ rN+}
  1279 | D:2      | Found a faded altar of an unknown god.
  1366 | D:2      | Noticed Terence
  1386 | D:2      | Killed Terence
  1387 | D:2      | Reached XP level 4. HP: 7/30 MP: 4/8
  2035 | D:2      | Noticed Sigmund
  2077 | D:2      | HP: 1/30 [Sigmund/+0 scythe (9)]
  2082 | D:2      | Killed from afar by Sigmund

Illustrated notes

Levels and vault maps discovered:
D:1:      amcnicky_arrival_feature_with_door, layout_loops_ring, feat_on_display
D:2:      layout_basic, shapermc_ecumenical_altar_gd, uniq_sigmund, uniq_terence

Skill      XL: |  1  2  3 |
---------------+----------+-----
Earth Magic    | 3 |  3.6
Dodging        | 2 |  2.1
Fighting       | |  0.2
Short Blades   | |  0.6
Stealth        | |  1.9
Spellcasting   | |  2.8
Transmutations | |  0.8

Action                     |  1- 3 |  4- 6 || total
---------------------------+-------+-------++-------
  Melee: Dagger            |    26 |       ||    26
   Cast: Sandblast         |    56 |     1 ||    57
    Use: Scroll            |     2 |     1 ||     3
 Armour: Robe              |    11 |       ||    11
  Dodge: Dodged            |    40 |     4 ||    44
